 Dungeon Crawl Stone Soup version 0.30-a0-989-g0d87f670db (webtiles) character file.

Game seed: 3350861457465793736

803 howech the Twirler (level 7, -5/60 HPs)
             Began as a Minotaur Gladiator on Apr 4, 2023.
             Killed from afar by a gargoyle (21 damage)
             ... with a stone arrow
             ... on level 6 of the Dungeon.
             The game lasted 00:12:40 (4359 turns).

howech the Twirler (Minotaur Gladiator)             Turns: 4359, Time: 00:12:41

Health: -5/60      AC:  5    Str: 18    XL:     7   Next: 59%
Magic:  7/7        EV: 13    Int:  7    God:
Gold:   383        SH:  0    Dex: 12    Spells: 7/8 levels left

rFire   . . .      SeeInvis .    a - +1 quarterstaff
rCold   . . .      Faith    .    (shield currently unavailable)
rNeg    . . .      Spirit   .    b - +0 leather armour
rPois   +          Reflect  .    c - +1 hat
rElec   .          Rampage  .    A - +0 cloak
rCorr   .                        (no gloves)
Will    .....                    (no boots)
Stlth   +                        (no amulet)
HPRegen 0.30/turn                t - +4 ring of slaying
MPRegen 0.10/turn                u - ring of poison resistance

@: no status effects
A: horns 2, retaliatory headbutt
a: no special abilities


You were on level 6 of the Dungeon.
You visited 1 branch of the dungeon, and saw 6 of its levels.

You collected 383 gold pieces.

Inventory:

Hand Weapons
 a - a +1 quarterstaff (weapon)
 d - a +2 quarterstaff of chaos
Missiles
 e - a javelin
 i - 6 boomerangs (quivered)
 p - 12 poisoned darts
Armour
 b - a +0 leather armour (worn)
 c - a +1 hat (worn)
 A - a +0 cloak (worn)
Jewellery
 g - a +4 ring of protection
 j - a +4 ring of protection
 t - a +4 ring of slaying (left hand)
 u - a ring of poison resistance (right hand)
 w - an amulet of faith
 y - an amulet of guardian spirit
Wands
 q - a wand of digging (4)
 z - a wand of acid (4)
Scrolls
 f - 3 scrolls of magic mapping
 h - 2 scrolls of teleportation
 n - 2 scrolls of enchant weapon
 v - a scroll of silence
Potions
 k - a potion of might
 l - a potion of invisibility
 m - 3 potions of attraction
 o - a potion of flight
 r - a potion of haste
 x - a potion of heal wounds


   Skills:
 + Level 4.6 Fighting
 + Level 5.4 Staves
 + Level 3.7 Throwing
 + Level 3.4 Armour
 + Level 4.8 Dodging
 + Level 1.2 Spellcasting
 + Level 1.5 Fire Magic
 + Level 2.0 Evocations


You had 7 spell levels left.
You knew the following spells:

 Your Spells              Type           Power      Damage    Failure   Level
a - Foxfire               Conj/Fire      4%         2x1d2     36%         1

Your spell library contained the following spells:

 Spells                   Type           Power      Damage    Failure   Level
 Shock                    Conj/Air       0%         1d3       45%         1
 Sublimation of Blood     Necr           0%         N/A       58%         2
 Wereblood                Tmut           0%         N/A       58%         2
 Swiftness                Air            0%         N/A       83%         3
 Airstrike                Air            0%         2d(0-16)  99%         4
 Iskenderun's Battlesphe  Conj           0%         2d6       100%        5
 Iron Shot                Conj/Erth      0%         9d1       100%        6
 Haunt                    Necr/Summ      0%         N/A       100%        7
 Spellforged Servitor     Conj/Summ      0%         N/A       100%        7
 Summon Hydra             Summ           0%         N/A       100%        7
 Ignition                 Fire           1%         3d3       100%        8


Dungeon Overview and Level Annotations

Branches:
Dungeon (6/15)
 Temple: D:4-7

Altars:
Dithmenos

Shops:
D:4 ![


Innate Abilities, Weirdness & Mutations

You have a pair of horns on your head.
You reflexively headbutt those who attack you in melee.


Message History

HP restored.
There is a stone staircase leading down here.
You see here a +0 whip.
You see here a +0 dagger.
There is an escape hatch in the floor here.
There is a stone staircase leading down here.
You climb downwards.
Found a stone staircase leading down.
There is a stone staircase leading up here.
You can't go down here!
You open the door.
There is an open door here.
Found a stone staircase leading down.
You open the door.
A gargoyle comes into view. It is wielding a +0 dire flail.
The gargoyle moves out of view.
Found a flail and 2 stones.
There is an open door here.
The gargoyle hurls a stone arrow at you.
The stone arrow hits you!!
The gargoyle hits you with a +0 dire flail.
There is an open door here.
Throw: 6 boomerangs
Press: ? - help, Q - select action, (/) - cycle Shift-Dir - straight line, f - gargoyle
Aim: a gargoyle, wielding a +0 dire flail (78% to hit)
You throw a boomerang. The boomerang hits the gargoyle.
The gargoyle is lightly damaged.
The gargoyle hurls a stone arrow at you.
The stone arrow hits you!
* * * LOW HITPOINT WARNING * * *
The gargoyle barely misses you.
Throw: throwing net
Press: ? - help, Shift-Dir - straight line, f/p - gargoyle
Aim: a gargoyle, wielding a +0 dire flail (lightly damaged, 78% to hit)
You throw a throwing net.
The throwing net barely misses the gargoyle.
Unknown command.
The gargoyle hurls a stone arrow at you.
The stone arrow hits you!!
You die...

#....+ #######....#
#..........#
#..<.......# #
#......#'#########.#
#......#............
#......#............
#......#####...##>.#
#....... #@..#
#........ #'###
#........>.9....#
.....(.....#
..####.......
#.........
#.........
#.....)(..
######....


You could see a gargoyle.

Vanquished Creatures
  An ice beast (D:5)
  A black bear (D:5)
  A kobold brigand (D:5)
  3 scorpions (D:5)
  A howler monkey (D:6)
  Crazy Yiuf (D:5)
  Terence (D:2)
  An orc wizard (D:5)
  An iguana (D:4)
  4 gnolls (D:3)
  8 adders
  A white imp (D:4)
  An ufetubus (D:5)
  A dart slug (D:1)
  5 orcs
  5 ball pythons
  10 bats
  4 endoplasms
  3 giant cockroaches
  19 goblins
  12 hobgoblins
  4 jackals (D:2)
  3 quokkas
  6 frilled lizards
  10 kobolds
  6 rats
113 creatures vanquished.

Vanquished Creatures (others)
  9 fungi (D:5)
9 creatures vanquished.

Grand Total: 122 creatures vanquished

Notes
Turn   | Place    | Note
-------+----------+-------------------------------------------
     0 | D:1      | howech the Minotaur Gladiator began the quest for the Orb.
     0 | D:1      | Reached XP level 1. HP: 18/18 MP: 0/0
    35 | D:1      | Found a faded altar of an unknown god.
   253 | D:1      | Reached XP level 2. HP: 25/25 MP: 1/1
   668 | D:2      | Reached skill level 4 in Staves
   668 | D:2      | Reached skill level 1 in Armour
   681 | D:2      | Reached XP level 3. HP: 30/30 MP: 2/2
   877 | D:2      | Reached XP level 4. HP: 33/38 MP: 3/3
  1277 | D:2      | Noticed Terence
  1287 | D:2      | Killed Terence
  1489 | D:3      | Reached XP level 5. HP: 40/45 MP: 4/4
  1580 | D:3      | Got the Writings on the Summer and Lamentation
  1583 | D:3      | Learned a level 1 spell: Foxfire
  2385 | D:4      | Found Pefoar's Distillery.
  2455 | D:4      | Found Zeaph's Armour Emporium.
  2734 | D:4      | Found a shadowy altar of Dithmenos.
  3028 | D:5      | Entered Level 5 of the Dungeon
  3049 | D:5      | Noticed an ice beast
  3063 | D:5      | Killed an ice beast
  3064 | D:5      | Reached skill level 1 in Evocations
  3064 | D:5      | Reached XP level 6. HP: 52/52 MP: 5/5
  3309 | D:5      | Reached skill level 5 in Staves
  3676 | D:5      | Reached skill level 1 in Fire Magic
  3687 | D:5      | Reached skill level 1 in Spellcasting
  3687 | D:5      | Reached XP level 7. HP: 54/59 MP: 7/7
  3836 | D:5      | Found a runed translucent door.
  3837 | D:5      | Noticed Crazy Yiuf
  3846 | D:5      | Killed Crazy Yiuf
  4347 | D:6      | Noticed a gargoyle
  4359 | D:6      | Killed from afar by a gargoyle

Illustrated notes

Levels and vault maps discovered:
D:1:      minmay_arrival_glassed_features, layout_basic,
          ebering_ecumenical_altar_mist, corexii_leaking_fountain
D:2:      cheibrodos_greedy_goblins, layout_loops_cross, grunt_ministairs_4,
          uniq_terence
D:3:      layout_basic, minivault_4
D:4:      layout_layer_cave, mainiacjoe_overflow_alcove_2, serial_shops,
          nicolae_shop_statue_plus, nicolae_shop_statue_plus
D:5:      old_forge, layout_cave_pools, uniq_crazy_yiuf_cottage
D:6:      layout_gridville, eat_drink_and_be_merry_uskayaw,
          mainiacjoe_overflow_six_doors_small, minmay_temple_entry_mist,
          serial_shops, kennysheep_mini, kennysheep_generic_room_9

Skill      XL: |  1  2  3  4  5  6  7 |
---------------+----------------------+-----
Staves         | 4 5 |  5.4
Armour         | 1 2 3 |  3.4
Fighting       | 3 4 |  4.6
Dodging        | 4 |  4.8
Throwing       | 3 |  3.7
Evocations     | 1 2 |  2.0
Fire Magic     | 1 |  1.5
Spellcasting   | 1 |  1.2

Action                     |  1- 3 |  4- 6 |  7- 9 || total
---------------------------+-------+-------+-------++-------
  Melee: Quarterstaff      |    70 |   130 |    30 ||   230
         Headbutt          |    10 |    18 |     1 ||    29
  Throw: Throwing net      |       |     3 |     3 ||     6
         Boomerang         |       |     1 |     1 ||     2
    Use: Scroll            |     3 |     9 |     1 ||    13
         Potion            |       |     1 |       ||     1
   Stab: Sleeping          |       |     2 |       ||     2
         Held in net/web   |       |       |     1 ||     1
 Armour: Leather armour    |    19 |    45 |    15 ||    79
  Dodge: Dodged            |    52 |    83 |    30 ||   165

Table legend: (Time is in decaauts)
 A = Elapsed time spent in this place.
 B = Non-inter-level travel time spent in this place.
 C = Inter-level travel time spent in this place.
 D = Time resting spent in this place.
 E = Time spent auto-exploring this place.
 F = Levels seen in this place.
 G = Mean time per level.
                   A        B        C        D        E       F      G
               +--------+--------+--------+--------+--------+-----+--------+
         Total |   4374 |   4181 |    193 |    476 |   2815 |   6 |  729.0 |
       Dungeon |   4374 |   4181 |    193 |    476 |   2815 |   6 |  729.0 |
               +--------+--------+--------+--------+--------+-----+--------+

Top non-repeatable levels by time:
     D:5: 1286 daAuts
     D:4: 839 daAuts
     D:2: 829 daAuts
     D:3: 736 daAuts
     D:1: 634 daAuts
     D:6: 47 daAuts
